 Dungeon Crawl Stone Soup version 0.26-a0-651-gb41185065b (webtiles) character file.

Game seed: 12807793994882466926

(classic levelgen) 9655 EnegeticOcto the Cleaver (level 11, -3/100 HPs)
             Began as a Deep Dwarf Fighter on Oct 21, 2020.
             Was a Priest of Makhleb.
             Slain by a 12-headed hydra (4 damage)
             ... on level 11 of the Dungeon.
             The game lasted 00:04:35 (5475 turns).

EnegeticOcto the Cleaver (Deep Dwarf Fighter)       Turns: 5475, Time: 00:04:36

Health: -3/100     AC: 17    Str: 33    XL:     11   Next: 25%
Magic:  10/10      EV:  8    Int:  8    God:    Makhleb [***...]
Gold:   426        SH: 13    Dex: 12    Spells: 10/10 levels left

rFire    . . .     SeeInvis +   I - +4 war axe
rCold    . . .     Faith    .   c - +0 kite shield
rNeg     . . .     Spirit   .   x - +0 chain mail
rPois    .         Reflect  .   (no helmet)
rElec    .         Harm     .   l - +1 cloak
rCorr    .         Rampage  .   h - +0 pair of gloves {Str+3}
MR       +....                  J - +1 pair of boots {Fly}
Stlth    ..........             (no amulet)
HPRegen  0.00/turn              q - ring of see invisible
MPRegen  0.12/turn              t - +6 ring of strength

@: flying, non-regenerating
A: damage resistance, heal wounds, sense surroundings 2, no regeneration
a: Heal Wounds, Minor Destruction, Lesser Servant of Makhleb, Renounce Religion,
Stop Flying


You were on level 11 of the Dungeon.
You worshipped Makhleb.
Makhleb was most pleased with you.
You visited 2 branches of the dungeon, and saw 12 of its levels.

You collected 426 gold pieces.

Inventory:

Hand Weapons
 a - a +0 war axe
 y - a +2 antimagic war axe
 I - a +4 war axe (weapon)
Missiles
 s - 2 throwing nets (quivered)
Armour
 c - a +0 kite shield (worn)
 h - a +0 pair of gloves of strength (worn)
 l - a +1 cloak (worn)
 x - a +0 chain mail (worn)
 J - a +1 pair of boots of flying (worn)
Jewellery
 q - a ring of see invisible (left hand)
 t - a +6 ring of strength (right hand)
 G - an uncursed ring of protection from fire
Wands
 j - a wand of acid (23) {@v1}
 k - a wand of disintegration (19)
 z - a wand of paralysis (7)
 A - a wand of polymorph (6)
 D - a wand of iceblast (10) {@v2}
Scrolls
 p - 3 scrolls of remove curse {@r2}
 v - 2 scrolls of teleportation {@r3}
 B - a scroll of magic mapping {@r5}
 C - 3 scrolls of enchant armour
Potions
 d - a potion of might {@q3}
 e - 4 potions of stabbing
 f - 4 potions of curing {@q1}
 g - 2 potions of heal wounds {@q2}
 i - 2 potions of lignification
 n - 2 potions of brilliance
 u - 3 potions of haste {@q4}
 E - 3 potions of degeneration {unknown}
 F - a potion of berserk rage
 H - 2 potions of flight {unknown}


   Skills:
 + Level 7.4 Fighting
 * Level 11.7 Axes
 + Level 8.9 Armour
 + Level 8.9 Shields
 + Level 7.3 Invocations


You had 10 spell levels left.
You didn't know any spells.
Your spell library was empty.

Dungeon Overview and Level Annotations

Branches:
Dungeon (11/15)            Temple (1/1) D:5            Lair (0/6) D:9
    Orc (0/2) D:9

Altars:
Ashenzari
Cheibriados
Dithmenos
Elyvilon
Fedhas
Gozag
Hepliaklqana
Kikubaaqudgha
Makhleb
Nemelex Xobeh
Okawaru
Qazlal
Ru
Sif Muna
Trog
Uskayaw
Vehumet
Wu Jian
Xom
Yredelemnul
Zin
The Shining One
Beogh
Jiyva

Annotations:
D:6 1 runed translucent door, Flugslaktarn's ghost, novice DDFi


Innate Abilities, Weirdness & Mutations

You are resistant to damage.
You can heal yourself by infusing magical energy.
You passively map the area around you.
You do not regenerate.


Message History

The 11-headed hydra bites you but does no damage. x2
The 11-headed hydra bites you!
The 11-headed hydra bites you but does no damage. x2
The 11-headed hydra closely misses you.
The 11-headed hydra bites you but does no damage. x2
You hack one of the 11-headed hydra's heads off!
The ten-headed hydra grows two more!
You slice the 12-headed hydra!!
The 12-headed hydra is moderately wounded.
The 12-headed hydra bites you but does no damage.
The 12-headed hydra misses you.
The 12-headed hydra bites you but does no damage. x2
You block the 12-headed hydra's attack. x3
The 12-headed hydra bites you but does no damage.
The 12-headed hydra bites you.
The 12-headed hydra bites you but does no damage.
The 12-headed hydra bites you. The 12-headed hydra barely misses you.
You barely miss the 12-headed hydra.
The 12-headed hydra is moderately wounded.
You block the 12-headed hydra's attack. The 12-headed hydra bites you!
The 12-headed hydra bites you. You block the 12-headed hydra's attack.
The 12-headed hydra bites you. The 12-headed hydra barely misses you.
The 12-headed hydra bites you but does no damage. x2
You block the 12-headed hydra's attack. The 12-headed hydra bites you.
The 12-headed hydra bites you but does no damage.
The 12-headed hydra bites you.
You are too injured to fight recklessly!
You are too injured to fight recklessly!
You are too injured to fight recklessly!
You are too injured to fight recklessly!
You are too injured to fight recklessly!
You are too injured to fight recklessly!
You are too injured to fight recklessly!
You are too injured to fight recklessly!
You are too injured to fight recklessly!
You are too injured to fight recklessly!
You are too injured to fight recklessly!
You are too injured to fight recklessly!
You are too injured to fight recklessly!
You are too injured to fight recklessly!
You are too injured to fight recklessly!
You are too injured to fight recklessly!
You are too injured to fight recklessly!
You are too injured to fight recklessly!
You are too injured to fight recklessly!
You are too injured to fight recklessly!
You are too injured to fight recklessly!
You are too injured to fight recklessly!
You are too injured to fight recklessly!
Your magical essence is drained by the effort!
You feel much better. You block the 12-headed hydra's attack.
The 12-headed hydra bites you but does no damage.
You block the 12-headed hydra's attack. The 12-headed hydra bites you.
The 12-headed hydra bites you but does no damage.
You block the 12-headed hydra's attack. The 12-headed hydra bites you. x2
The 12-headed hydra bites you but does no damage.
The 12-headed hydra closely misses you. The 12-headed hydra bites you.
You block the 12-headed hydra's attack.
You block the 12-headed hydra's attack. x2
The 12-headed hydra completely misses you.
You block the 12-headed hydra's attack.
The 12-headed hydra bites you but does no damage.
The 12-headed hydra bites you. x4
The 12-headed hydra bites you but does no damage. x3
You block the 12-headed hydra's attack.
The 12-headed hydra bites you but does no damage.
You block the 12-headed hydra's attack. The 12-headed hydra bites you. x2
* * * LOW HITPOINT WARNING * * *
The 12-headed hydra barely misses you. You block the 12-headed hydra's attack.
The 12-headed hydra closely misses you. The 12-headed hydra bites you!
* * * LOW HITPOINT WARNING * * *
The 12-headed hydra bites you. You block the 12-headed hydra's attack.
The 12-headed hydra bites you but does no damage.
The 12-headed hydra bites you.
* * * LOW HITPOINT WARNING * * *
The 12-headed hydra bites you but does no damage.
The 12-headed hydra bites you. The 12-headed hydra barely misses you.
The 12-headed hydra bites you. You block the 12-headed hydra's attack.
The 12-headed hydra bites you but does no damage.
You block the 12-headed hydra's attack.
The 12-headed hydra bites you but does no damage.
The 12-headed hydra closely misses you. You block the 12-headed hydra's attack.
The 12-headed hydra closely misses you.
The 12-headed hydra bites you but does no damage.
You block the 12-headed hydra's attack. x2; The 12-headed hydra bites you!
* * * LOW HITPOINT WARNING * * *
The 12-headed hydra bites you but does no damage. x2
You block the 12-headed hydra's attack.
The 12-headed hydra bites you but does no damage.
The 12-headed hydra bites you!
* * * LOW HITPOINT WARNING * * *
You block the 12-headed hydra's attack. The 12-headed hydra bites you.
You block the 12-headed hydra's attack. You block the 12-headed hydra's attack.
The 12-headed hydra bites you but does no damage.
The 12-headed hydra bites you.
* * * LOW HITPOINT WARNING * * *
You block the 12-headed hydra's attack.
The 12-headed hydra bites you but does no damage.
The 12-headed hydra bites you.
You die...

######.# ##...## * * *,
#.(†(..# ##.....##
#.###).# ##.......##,
#(##...####.........#
...........')........+,
##.#....####......"..#
,,, #.#.#..#
##...>...##, , #.#.##.#
##.....## ,*, #... ..#
##.@.## ###. ### ##D##
, #.# #.# * #.#* ***
*!.. * ... * *, , ... *
##.##**


You could see a 12-headed hydra.

Vanquished Creatures
  Erica (D:8)
  An unseen horror (D:10)
  Pikel (D:8)
  2 centaur zombies (D:11)
  A gargoyle (D:11)
  Maggie (D:8)
  2 komodo dragons (D:9)
  Prince Ribbit (D:8)
  3 hippogriffs
  A basilisk (D:9)
  3 wyverns (D:9)
  Eustachio (D:6)
  A wraith (D:10)
  6 yaks (D:10)
  A steam dragon (D:9)
  Menkaure (D:7)
  An acid dragon (D:9)
  A water moccasin (D:10)
  An orc warrior (D:6)
  An eye of draining (D:8)
  2 ice beasts
  5 ogres
  2 sky beasts (D:8)
  3 phantoms
  A centaur (D:9)
  A lemure (D:8)
  A big kobold (D:11)
  5 bullfrogs
  3 scorpions
  6 killer bees (D:8)
  5 wights (D:10)
  4 howler monkeys
  A crimson imp (D:7)
  A quasit (D:10)
  6 orc priests
  A gnoll shaman (D:5)
  A bullfrog skeleton (D:7)
  4 hounds
  A centaur skeleton (D:7)
  3 iguanas
  11 orc wizards
  7 worker ants
  2 worker ant zombies
  5 gnolls (D:5)
  11 adders
  A white imp (D:9)
  An ufetubus (D:10)
  2 adder zombies
  An adder skeleton (D:4)
  3 worms
  A dart slug (D:4)
  5 leopard geckos
  17 orcs
  A bat (D:2)
  4 goblins (D:1)
  2 hobgoblins
  9 jackals
  7 kobolds
  2 quokkas
  A ball python (D:2)
  A frilled lizard (D:1)
  A giant cockroach zombie (D:6)
  2 jackal zombies
  A leopard gecko skeleton (D:4)
  2 rats (D:3)
  A spectral orc (D:7)
188 creatures vanquished.

Vanquished Creatures (others)
  An ufetubus (D:8)
1 creature vanquished.

Grand Total: 189 creatures vanquished

Notes
Turn   | Place    | Note
-------+----------+-------------------------------------------
     0 | D:1      | EnegeticOcto the Deep Dwarf Fighter began the quest for the
                  | Orb.
     0 | D:1      | Reached XP level 1. HP: 20/20 MP: 1/1
    85 | D:1      | Reached XP level 2. HP: 27/27 MP: 2/2
   105 | D:2      | Found a shimmering altar of Xom.
   114 | D:2      | Found a shimmering altar of Xom.
   115 | D:2      | Found a shimmering altar of Xom.
   116 | D:2      | Found a shimmering altar of Xom.
   175 | D:2      | Found a broken altar of Ashenzari.
   183 | D:2      | Reached skill level 3 in Axes
   191 | D:2      | Reached XP level 3. HP: 29/33 MP: 3/3
   368 | D:4      | Reached XP level 4. HP: 21/42 MP: 4/4
   584 | D:4      | Reached skill level 4 in Axes
   584 | D:4      | Reached XP level 5. HP: 38/49 MP: 4/4
   633 | D:4      | Noticed a phantom
   676 | D:4      | Killed a phantom
   894 | D:4      | Reached XP level 6. HP: 48/57 MP: 5/5
  1333 | D:5      | Entered Level 5 of the Dungeon
  1348 | D:5      | Found a staircase to the Ecumenical Temple.
  1369 | D:5      | Reached skill level 5 in Axes
  1383 | Temple   | Entered the Ecumenical Temple
  1875 | D:5      | Found a white marble altar of Elyvilon.
  1890 | D:5      | Reached XP level 7. HP: 32/64 MP: 6/6
  1892 | D:5      | Found an ornate altar of the Wu Jian Council.
  1956 | D:5      | Reached skill level 5 in Armour
  1956 | D:5      | Reached skill level 5 in Shields
  2141 | D:5      | Reached skill level 6 in Axes
  2400 | D:6      | Found a runed translucent door.
  2401 | D:6      | Noticed Flugslaktarn's ghost (novice DDFi)
  2405 | D:6      | Noticed Eustachio
  2433 | D:6      | Reached XP level 8. HP: 68/73 MP: 6/6
  2440 | D:6      | Killed Eustachio
  2440 | D:6      | Reached skill level 7 in Axes
  2881 | D:6      | Reached skill level 5 in Fighting
  3030 | D:7      | Noticed a hippogriff
  3036 | D:7      | Killed a hippogriff
  3063 | D:7      | Reached skill level 8 in Axes
  3188 | D:7      | Found a burning altar of Makhleb.
  3208 | D:7      | Became a worshipper of Makhleb the Destroyer
  3222 | D:7      | Noticed Menkaure
  3233 | D:7      | Killed Menkaure
  3233 | D:7      | Reached skill level 1 in Invocations
  3402 | D:7      | Found a basalt altar of Yredelemnul.
  3584 | D:8      | Noticed Pikel
  3584 | D:8      | Noticed Prince Ribbit
  3584 | D:8      | Noticed Maggie
  3597 | D:8      | Noticed Erica
  3601 | D:8      | Killed Pikel
  3601 | D:8      | Gained mutation: You passively map the area around you.
                  | [Deep Dwarf growth]
  3601 | D:8      | Reached XP level 9. HP: 28/81 MP: 5/7
  3614 | D:8      | Reached skill level 9 in Axes
  3619 | D:8      | Killed Maggie
  3621 | D:8      | Killed Erica
  3636 | D:8      | Killed Prince Ribbit
  3636 | D:8      | Reached skill level 10 in Axes
  3636 | D:8      | Reached XP level 10. HP: 41/91 MP: 8/8
  3643 | D:8      | Reached * piety under Makhleb
  3675 | D:8      | Reached skill level 5 in Invocations
  3750 | D:8      | Found a bloodstained altar of Trog.
  3838 | D:8      | Found a stormy altar of Qazlal.
  3849 | D:8      | Found a sparkling altar of Nemelex Xobeh.
  3849 | D:8      | Found a shadowy altar of Dithmenos.
  3849 | D:8      | Found an ancient bone altar of Kikubaaqudgha.
  4046 | D:9      | Found a staircase to the Orcish Mines.
  4075 | D:9      | Found a roughly hewn altar of Beogh.
  4343 | D:9      | Found a staircase to the Lair.
  4352 | D:9      | Reached ** piety under Makhleb
  4394 | D:9      | Reached skill level 11 in Axes
  4709 | D:10     | Entered Level 10 of the Dungeon
  4836 | D:10     | Reached XP level 11. HP: 55/100 MP: 11/11
  5291 | D:10     | Noticed an unseen horror
  5306 | D:10     | Killed an unseen horror
  5422 | D:11     | Reached *** piety under Makhleb
  5460 | D:11     | Noticed an eight-headed hydra
  5474 | D:11     | HP: 2/100 [12-headed hydra (11)]
  5475 | D:11     | Slain by a 12-headed hydra

Illustrated notes

Levels and vault maps discovered:
D:1:      heliophobic_arrival_glass_houses, layout_loops_corners
D:2:      layout_rooms, xom_redecorated, old_standard_altar, wad_orctagon
D:3:      layout_basic, grunt_decor_fettered, uniq_natasha,
          uniq_crazy_yiuf_cottage
D:4:      layout_basic
D:5:      layout_loops_corners, lemuel_round_altar, lemuel_round_altar,
          minmay_temple_entry_crystal_x
D:6:      layout_basic, gammafunk_ghost_grave, uniq_eustachio
D:7:      layout_loops_ring, yredelemnul_forgotten_temple_becter,
          makhleb_grotto_becter, due_unseen_surprise, uniq_menkaure
D:8:      layout_gridville, trog_eyes_of_draining, grunt_qazlal_clouds,
          gammafunk_temple_overflow_claw, uniq_pikel, uniq_prince_ribbit1,
          uniq_maggie, uniq_erica
D:9:      layout_roguey, erik_lair_dragon, minmay_orc_entry_temple_small
D:10:     layout_rooms, kennysheep_generic_room_16
D:11:     layout_loops_corners, portal_ice_cave_entry_pillars_2,
          minmay_evil_grid, uniq_snorg
Temple:   pf_slimified_temple

Skill      XL: |  1  2  3  4  5  6  7  8  9 10 11 |
---------------+----------------------------------+-----
Axes           | 3 4 5 6 8 10 11 | 11.7
Fighting       | 3 4 5 6 7 |  7.4
Armour         | 4 5 6 7 8 |  8.9
Shields        | 4 5 6 7 8 |  8.9
Invocations    | 2 4 6 7 |  7.3

Action                   |  1- 3 |  4- 6 |  7- 9 | 10-12 || total
-------------------------+-------+-------+-------+-------++-------
Melee: War axe           |    53 |    98 |   211 |   298 ||   660
 Abil: Heal Wounds       |       |     5 |    18 |    13 ||    36
Evoke: Wand              |       |       |    10 |       ||    10
  Use: Scroll            |     2 |       |     7 |     8 ||    17
Armor: Scale mail        |    27 |    39 |    42 |       ||   108
       Chain mail        |       |       |   132 |   176 ||   308
Dodge: Dodged            |    16 |    39 |   153 |    94 ||   302
Block: Kite shield       |    31 |    69 |   220 |   208 ||   528

Table legend: (Time is in decaauts)
 A = Elapsed time spent in this place.
 B = Non-inter-level travel time spent in this place.
 C = Inter-level travel time spent in this place.
 D = Time resting spent in this place.
 E = Time spent auto-exploring this place.
 F = Levels seen in this place.
 G = Mean time per level.
                   A        B        C        D        E       F      G
               +--------+--------+--------+--------+--------+-----+--------+
         Total |   5566 |   5288 |    278 |      4 |   3923 |  12 |  463.8 |
       Dungeon |   5456 |   5196 |    260 |      4 |   3840 |  11 |  496.0 |
        Temple |    109 |     91 |     18 |      0 |     83 |   1 |  109.0 |
               +--------+--------+--------+--------+--------+-----+--------+

Top non-repeatable levels by time:
     D:4: 1001 daAuts
     D:5: 930 daAuts
     D:9: 759 daAuts
    D:10: 669 daAuts
     D:6: 664 daAuts
     D:7: 593 daAuts
     D:8: 374 daAuts
     D:3: 145 daAuts
     D:2: 118 daAuts
  Temple: 109 daAuts
     D:1: 109 daAuts
    D:11: 90 daAuts
